| TOP OF THE 1ST |
|
South Bend Cubs batting - Pitching for Hartford Yard Goats : RHP Adrian de la Cerda
|
|
Pitching: RHP Adrian de la Cerda
|
|
|
Batting: RHB Puluke Konane
|
0-0: Bunt missed! 0-1: Ball 1-1: Ball 2-1: Foul Ball, location: 2F 2-2: Foul Ball, location: 2F 2-2: Fly out, F9 (Flyball, 9LD, EV 83.8 MPH)
|
|
Batting: RHB Leonardo Nava
|
0-0: Ball 1-0: Called Strike 1-1: Ball 2-1: Ball 3-1: SINGLE (Line Drive, 4M, EV 104.4 MPH)
|
|
Batting: RHB Mike Savage
|
0-0: Called Strike Leonardo Nava steals 2nd base 0-1: Ball 1-1: Ball 2-1: Swinging Strike 2-2: Fly out, F8 (Flyball, 8RM, EV 91.9 MPH)
|
|
Batting: LHB Kwang-chih Men
|
0-0: Called Strike 0-1: Ball 1-1: Ground out 4-3 (Groundball, 4D, EV 81.9 MPH)
|
| Top of the 1st over - 0 runs, 1 hit, 0 errors, 1 left on base; South Bend 0 - Hartford 0 |
| BOTTOM OF THE 1ST |
|
Hartford Yard Goats batting - Pitching for South Bend Cubs : RHP Ryohei Uda
|
|
Pitching: RHP Ryohei Uda
|
|
|
Batting: LHB Steve Gilliam
|
0-0: Foul Ball, location: 2F 0-1: Ball 1-1: Ball 2-1: Ball 3-1: Base on Balls
|
|
Batting: RHB Ryan Rinaldi
|
0-0: Swinging Strike 0-1: Grounds into double play, 5-4-3 (Groundball, 56S, EV 80.0 MPH)
|
|
Batting: RHB Ernest Olkowicz
|
0-0: Ball 1-0: Ball 2-0: Called Strike 2-1: Ball 3-1: Base on Balls
|
|
Batting: LHB Zack Guillen
|
0-0: Called Strike Ernest Olkowicz steals 2nd base 0-1: Ball 1-1: Ball 2-1: Ball 3-1: Base on Balls
|
|
Batting: LHB Chris Salim
|
0-0: SINGLE (Flyball, 5D, EV 83.8 MPH) Ernest Olkowicz to third Zack Guillen to second Runner from 3rd tries for Home, SAFE, throw by LF to home
|
|
Batting: SHB Pete Perla
|
0-0: Foul Ball, location: 2F 0-1: SINGLE (Groundball, 34D, EV 103.1 MPH) Zack Guillen to third Chris Salim to second Runner from 3rd tries for Home, SAFE, throw by RF to home
|
|
Batting: RHB Andy Solorzano
|
0-0: Ball 1-0: Swinging Strike 1-1: Called Strike 1-2: Foul Ball, location: 2F 1-2: Strikes out swinging
|
| Bottom of the 1st over - 2 runs, 2 hits, 0 errors, 2 left on base; South Bend 0 - Hartford 2 |
| TOP OF THE 2ND |
|
South Bend Cubs batting - Pitching for Hartford Yard Goats : RHP Adrian de la Cerda
|
|
Batting: RHB Brad Santanello
|
0-0: Called Strike 0-1: Called Strike 0-2: Ball 1-2: Foul Ball, location: 2F 1-2: Ball 2-2: Strikes out swinging
|
|
Batting: RHB Armando Vilano
|
0-0: Ball 1-0: Fly out, F9 (Flyball, 9, EV 85.6 MPH)
|
|
Batting: SHB Gabriel Cruz
|
0-0: Called Strike 0-1: Foul Ball, location: 2F 0-2: Ball 1-2: Ball 2-2: Ball 3-2: SINGLE (Groundball, 4M, EV 102.5 MPH) (infield hit)
|
|
Batting: RHB Jonathan Sotelo
|
0-0: Called Strike 0-1: Ball 1-1: Foul Ball, location: 2F 1-2: Foul Ball, location: 2F 1-2: Fly out, F6 (Popup, 56, EV 54.4 MPH)
|
| Top of the 2nd over - 0 runs, 1 hit, 0 errors, 1 left on base; South Bend 0 - Hartford 2 |
| BOTTOM OF THE 2ND |
|
Hartford Yard Goats batting - Pitching for South Bend Cubs : RHP Ryohei Uda
|
|
Batting: SHB Morgan Batson
|
0-0: Ball 1-0: Foul Ball, location: 2F 1-1: Ball 2-1: Ball 3-1: Called Strike 3-2: Foul Ball, location: 2F 3-2: SINGLE (Line Drive, 3D, EV 103.8 MPH)
|
|
Batting: RHB Yamashita Yagi
|
0-0: Ball 1-0: Ball 2-0: Ball 3-0: Base on Balls Morgan Batson to second
|
|
Batting: LHB Steve Gilliam
|
0-0: DOUBLE (Line Drive, 7LD, EV 90.6 MPH) Morgan Batson scores Yamashita Yagi to third
|
|
Batting: RHB Ryan Rinaldi
|
0-0: Foul Ball, location: 2F 0-1: Foul Ball, location: 2F 0-2: Strikes out swinging
|
|
Batting: RHB Ernest Olkowicz
|
0-0: Ball 1-0: Fly out, F8 (Flyball, 8RM, EV 78.1 MPH)
|
|
Batting: LHB Zack Guillen
|
0-0: Swinging Strike 0-1: Ball 1-1: Ball 2-1: Fly out, F9 (Flyball, 89S, EV 90.6 MPH)
|
| Bottom of the 2nd over - 1 run, 2 hits, 0 errors, 2 left on base; South Bend 0 - Hartford 3 |
| TOP OF THE 3RD |
|
South Bend Cubs batting - Pitching for Hartford Yard Goats : RHP Adrian de la Cerda
|
|
Batting: LHB Mark Huey
|
0-0: Called Strike 0-1: Swinging Strike 0-2: Strikes out looking
|
|
Batting: RHB Puluke Konane
|
0-0: Foul Ball, location: 2F 0-1: Fly out, F9 (Flyball, 9D, EV 105.0 MPH)
|
|
Batting: RHB Leonardo Nava
|
0-0: Called Strike 0-1: Foul Ball, location: 2F 0-2: Ball 1-2: Ball 2-2: Ground out 5-3 (Groundball, 56, EV 85.6 MPH)
|
| Top of the 3rd over - 0 runs, 0 hits, 0 errors, 0 left on base; South Bend 0 - Hartford 3 |
| BOTTOM OF THE 3RD |
|
Hartford Yard Goats batting - Pitching for South Bend Cubs : RHP Ryohei Uda
|
|
Batting: LHB Chris Salim
|
0-0: Ball 1-0: Called Strike 1-1: Called Strike 1-2: TRIPLE (Groundball, 3L, EV 101.2 MPH)
|
|
Batting: SHB Pete Perla
|
0-0: Foul Ball, location: 2F 0-1: Ball 1-1: Ball 2-1: Called Strike 2-2: Ground out 1-3 (Groundball, P, EV 73.8 MPH)
|
|
Batting: RHB Andy Solorzano
|
0-0: Ball 1-0: Ball 2-0: Called Strike 2-1: Ball 3-1: SINGLE (Line Drive, 7S, EV 100.6 MPH) Chris Salim scores
|
|
Batting: SHB Morgan Batson
|
0-0: Ball 1-0: Fly out, F8 (Flyball, 8RM, EV 90.6 MPH)
|
|
Batting: RHB Yamashita Yagi
|
0-0: Foul Ball, location: 2F 0-1: Swinging Strike 0-2: Strikes out swinging
|
| Bottom of the 3rd over - 1 run, 2 hits, 0 errors, 1 left on base; South Bend 0 - Hartford 4 |
| TOP OF THE 4TH |
|
South Bend Cubs batting - Pitching for Hartford Yard Goats : RHP Adrian de la Cerda
|
|
Batting: RHB Mike Savage
|
0-0: Foul Ball, location: 2F 0-1: Ball 1-1: Called Strike 1-2: SINGLE (Groundball, 25, EV 63.1 MPH) (infield hit)
|
|
Batting: LHB Kwang-chih Men
|
0-0: Ball Mike Savage is caught stealing 2nd base 2-6 1-0: Ball 2-0: Called Strike 2-1: Foul Ball, location: 2F 2-2: Ball 3-2: Ground out 6-3 (Groundball, 6, EV 83.1 MPH)
|
|
Batting: RHB Brad Santanello
|
0-0: Ball 1-0: Ball 2-0: Called Strike 2-1: Ball 3-1: Base on Balls
|
|
Batting: RHB Armando Vilano
|
0-0: Ball 1-0: Ball 2-0: Foul Ball, location: 2F 2-1: Foul Ball, location: 2F 2-2: DOUBLE (Line Drive, 3D, EV 95.6 MPH) Brad Santanello to third
|
|
Batting: SHB Gabriel Cruz
|
0-0: Ball 1-0: Called Strike 1-1: SINGLE (Groundball, 34D, EV 95.6 MPH) Brad Santanello scores Armando Vilano to third Runner from 3rd tries for Home, SAFE, throw by RF to home
|
|
Batting: RHB Jonathan Sotelo
|
0-0: Called Strike Gabriel Cruz steals 2nd base (no throw) 0-1: Called Strike 0-2: Ball 1-2: Fly out, F8 (Line Drive, 8LM, EV 90.6 MPH)
|
| Top of the 4th over - 2 runs, 3 hits, 0 errors, 1 left on base; South Bend 2 - Hartford 4 |
| BOTTOM OF THE 4TH |
|
Hartford Yard Goats batting - Pitching for South Bend Cubs : RHP Ryohei Uda
|
|
Batting: LHB Steve Gilliam
|
0-0: Ball 1-0: Called Strike 1-1: Ball 2-1: Foul Ball, location: 2F 2-2: Ball 3-2: Fly out, F9 (Flyball, 9LS, EV 74.4 MPH)
|
|
Pitching: RHP Jose Marrero
|
|
|
Batting: RHB Ryan Rinaldi
|
0-0: Ball 1-0: Foul Ball, location: 2F 1-1: SINGLE (Groundball, 4MD, EV 94.4 MPH)
|
|
Batting: RHB Ernest Olkowicz
|
0-0: Foul Ball, location: 2F 0-1: Ball 1-1: Grounds into double play, 5-4-3 (Groundball, 5, EV 81.9 MPH)
|
| Bottom of the 4th over - 0 runs, 1 hit, 0 errors, 0 left on base; South Bend 2 - Hartford 4 |
| TOP OF THE 5TH |
|
South Bend Cubs batting - Pitching for Hartford Yard Goats : RHP Adrian de la Cerda
|
|
Batting: LHB Mark Huey
|
0-0: Ball 1-0: Swinging Strike 1-1: Foul Ball, location: 2F 1-2: Strikes out swinging
|
|
Batting: RHB Puluke Konane
|
0-0: Ball 1-0: Ball 2-0: Ball 3-0: Base on Balls
|
|
Pitching: LHP Steve Lima
|
|
|
Batting: RHB Leonardo Nava
|
0-0: Called Strike Puluke Konane is caught stealing 2nd base 2-4 0-1: Called Strike 0-2: Foul Ball, location: 2F 0-2: Ball 1-2: Ball 2-2: Ball 3-2: Base on Balls
|
|
Batting: RHB Mike Savage
|
0-0: SINGLE (Groundball, 34D, EV 95.6 MPH) Leonardo Nava to second
|
|
Batting: LHB Kwang-chih Men
|
0-0: Called Strike 0-1: Ball 1-1: Ball 2-1: Foul Ball, location: 2F 2-2: SINGLE (Line Drive, 8RS, EV 100.6 MPH) Leonardo Nava to third Mike Savage to second Runner from 3rd tries for Home, SAFE, throw by CF to home
|
|
Batting: RHB Brad Santanello
|
0-0: SINGLE (Flyball, 9, EV 85.0 MPH) Mike Savage to third Kwang-chih Men to second Runner from 3rd tries for Home, throw by RF and OUT! 9-2
|
| Top of the 5th over - 1 run, 3 hits, 0 errors, 2 left on base; South Bend 3 - Hartford 4 |
| BOTTOM OF THE 5TH |
|
Hartford Yard Goats batting - Pitching for South Bend Cubs : RHP Jose Marrero
|
|
Batting: LHB Zack Guillen
|
0-0: Ball 1-0: Ball 2-0: Ball 3-0: Called Strike 3-1: Foul Ball, location: 2F 3-2: Base on Balls
|
|
Batting: LHB Chris Salim
|
0-0: Called Strike 0-1: Ball 1-1: Foul Ball, location: 2F 1-2: Fielders Choice at 2nd, 4-6 (Groundball, 4, EV 88.1 MPH)
|
|
Batting: SHB Pete Perla
|
0-0: Ball 1-0: Fielders Choice at 2nd, 4-6 (Groundball, 4S, EV 84.4 MPH)
|
|
Batting: RHB Andy Solorzano
|
0-0: Ball 1-0: Ball 2-0: Called Strike 2-1: Swinging Strike 2-2: Ground out 4-3 (Groundball, 4S, EV 67.5 MPH)
|
| Bottom of the 5th over - 0 runs, 0 hits, 0 errors, 1 left on base; South Bend 3 - Hartford 4 |
| TOP OF THE 6TH |
|
South Bend Cubs batting - Pitching for Hartford Yard Goats : LHP Steve Lima
|
|
Batting: RHB Armando Vilano
|
0-0: Ball 1-0: Swinging Strike 1-1: Ground out 1-3 (Groundball, 13, EV 72.5 MPH)
|
|
Batting: SHB Gabriel Cruz
|
0-0: Called Strike 0-1: Ball 1-1: Ball 2-1: Fly out, F9 (Flyball, 89S, EV 80.0 MPH)
|
|
Pitching: RHP Alberto Cordovi
|
|
|
Batting: RHB Jonathan Sotelo
|
0-0: Foul Ball, location: 2F 0-1: Swinging Strike 0-2: Ball 1-2: Ball 2-2: Fly out, F8 (Flyball, 8LD, EV 105.6 MPH)
|
| Top of the 6th over - 0 runs, 0 hits, 0 errors, 0 left on base; South Bend 3 - Hartford 4 |
| BOTTOM OF THE 6TH |
|
Hartford Yard Goats batting - Pitching for South Bend Cubs : RHP Jose Marrero
|
|
Batting: SHB Morgan Batson
|
0-0: Called Strike 0-1: Foul Ball, location: 2F 0-2: Strikes out looking
|
|
Batting: RHB Yamashita Yagi
|
0-0: Called Strike 0-1: Called Strike 0-2: Foul Ball, location: 2F 0-2: Foul Ball, location: 2F 0-2: Ball 1-2: Ball 2-2: Foul Ball, location: 2F 2-2: Ball 3-2: Strikes out looking
|
|
Pitching: LHP Alex Gandarilla
|
|
|
Batting: LHB Steve Gilliam
|
0-0: Swinging Strike 0-1: Called Strike 0-2: Ball 1-2: Strikes out swinging
|
| Bottom of the 6th over - 0 runs, 0 hits, 0 errors, 0 left on base; South Bend 3 - Hartford 4 |
| TOP OF THE 7TH |
|
South Bend Cubs batting - Pitching for Hartford Yard Goats : RHP Alberto Cordovi
|
|
Batting: LHB Mark Huey
|
0-0: Ball 1-0: Ball 2-0: Ball 3-0: Foul Ball, location: 2F 3-1: Foul Ball, location: 2F 3-2: Base on Balls
|
|
Batting: RHB Puluke Konane
|
0-0: Swinging Strike Mark Huey is caught stealing 2nd base 2-4 0-1: Called Strike 0-2: Ball 1-2: Ground out 5-3 (Groundball, 56, EV 81.9 MPH)
|
|
Batting: RHB Leonardo Nava
|
0-0: Ball 1-0: Ground out 5-3 (Groundball, 56, EV 87.5 MPH)
|
| Top of the 7th over - 0 runs, 0 hits, 0 errors, 0 left on base; South Bend 3 - Hartford 4 |
| BOTTOM OF THE 7TH |
|
Hartford Yard Goats batting - Pitching for South Bend Cubs : LHP Alex Gandarilla
|
|
Batting: RHB Ryan Rinaldi
|
0-0: SINGLE (Groundball, 4MD, EV 98.1 MPH)
|
|
Batting: RHB Ernest Olkowicz
|
0-0: Ball Ryan Rinaldi steals 2nd base 1-0: Intentional Walk
|
|
Batting: LHB Zack Guillen
|
0-0: Ball 1-0: Called Strike 1-1: Fielders Choice at 2nd, 3-6 (Groundball, 34, EV 88.1 MPH) Ryan Rinaldi to third
|
|
Batting: LHB Chris Salim
|
0-0: Ball 1-0: Called Strike 1-1: Ball 2-1: Foul Ball, location: 2F 2-2: Strikes out swinging
|
|
Batting: SHB Pete Perla
|
0-0: Ball 1-0: Foul Ball, location: 2F 1-1: Ball 2-1: Foul Ball, location: 2F 2-2: Ball 3-2: Strikes out swinging
|
| Bottom of the 7th over - 0 runs, 1 hit, 0 errors, 2 left on base; South Bend 3 - Hartford 4 |
| TOP OF THE 8TH |
|
South Bend Cubs batting - Pitching for Hartford Yard Goats : RHP Alberto Cordovi
|
|
Now at 2B: Nick Rang
|
|
|
Batting: RHB Mike Savage
|
0-0: Called Strike 0-1: Called Strike 0-2: Ball 1-2: Ball 2-2: Strikes out swinging
|
|
Batting: LHB Kwang-chih Men
|
0-0: Fly out, F7 (Flyball, 7, EV 93.8 MPH)
|
|
Pinch Hitting: LHB Angel Oropeza
|
0-0: Called Strike 0-1: Ball 1-1: Ground out 1-3 (Groundball, 13S, EV 64.4 MPH)
|
| Top of the 8th over - 0 runs, 0 hits, 0 errors, 0 left on base; South Bend 3 - Hartford 4 |
| BOTTOM OF THE 8TH |
|
Hartford Yard Goats batting - Pitching for South Bend Cubs : LHP Alex Gandarilla
|
|
Pitching: LHP Jose Urena
|
|
|
Now at 1B: Ricardo Aguinaga
|
|
|
Batting: RHB Andy Solorzano
|
0-0: Ball 1-0: Called Strike 1-1: Foul Ball, location: 2F 1-2: Strikes out swinging
|
|
Batting: SHB Morgan Batson
|
0-0: Ball 1-0: Foul Ball, location: 2F 1-1: Swinging Strike 1-2: Ball 2-2: Ground out 4-3 (Groundball, 4S, EV 73.8 MPH)
|
|
Batting: RHB Yamashita Yagi
|
0-0: Ball 1-0: Foul Ball, location: 2F 1-1: Fly out, F7 (Flyball, 78M, EV 91.2 MPH)
|
| Bottom of the 8th over - 0 runs, 0 hits, 0 errors, 0 left on base; South Bend 3 - Hartford 4 |
| TOP OF THE 9TH |
|
South Bend Cubs batting - Pitching for Hartford Yard Goats : RHP Alberto Cordovi
|
|
Pitching: RHP Jim Butler
|
|
|
Batting: RHB Armando Vilano
|
0-0: Ground out 6-3 (Groundball, 6M, EV 76.2 MPH)
|
|
Batting: SHB Gabriel Cruz
|
0-0: Swinging Strike 0-1: Ball 1-1: Foul Ball, location: 2F 1-2: Foul Ball, location: 2F 1-2: Ground out 1-3 (Groundball, 13, EV 70.0 MPH)
|
|
Batting: RHB Jonathan Sotelo
|
0-0: Ball 1-0: SINGLE (Groundball, 6D, EV 94.4 MPH)
|
|
Batting: LHB Mark Huey
|
0-0: Swinging Strike 0-1: Foul Ball, location: 2F 0-2: Strikes out swinging
|
| Top of the 9th over - 0 runs, 1 hit, 0 errors, 1 left on base; South Bend 3 - Hartford 4 |
|